 Dungeon Crawl Stone Soup version 0.32-a0-932-g546787307d (webtiles) character file.

Game seed: 7180616355979195023

63 Prakerore the Sneak (level 3, 0/18 HPs)
             Began as a Felid Delver on Apr 15, 2024.
             Slain by an adder (4 damage)
             ... on level 4 of the Dungeon.
             The game lasted 00:09:04 (3301 turns).

Prakerore the Sneak (Felid Delver)                  Turns: 3301, Time: 00:09:05

Health: 0/18       AC:  1    Str:  8    XL:     3   Next: 89%
Magic:  4/4        EV: 16    Int: 15    God:
Gold:   138        SH:  0    Dex: 17    Spells: 1/2 levels left
                                        Lives:  0   Deaths: 1

rFire   . .          .
                       - Unarmed
rCold   . . .        (shield unavailable)
rNeg    . . .        (body armour unavailable)
rPois   .            (helmet unavailable)
rElec   .            (cloak unavailable)
rCorr   .            (gloves unavailable)
SInv    +            (boots unavailable)
Will    .....        (no amulet)
Stlth   +++          k - ring of wizardry
HPRegen 0.23/turn    (no ring)
MPRegen 0.09/turn

%: wizardry (x1)
@: lethally poisoned (0 -> -4)
A: very small, claws 1, fangs 3, see invisible, shaggy fur 1, stealthy paws, no
weapons or thrown items, no armour, multi-lived, frail 1, inability to read
after injury 1
a: no special abilities


You were on level 4 of the Dungeon.
You visited 1 branch of the dungeon, and saw 6 of its levels.

You collected 138 gold pieces.

Inventory:

Jewellery
 k - a ring of wizardry (left paw)
Talismans
 i - a serpent talisman
Wands
 e - a wand of digging (3)
Scrolls
 a - a scroll of fog
 b - a scroll of revelation
 f - 2 scrolls of identify {unknown}
 g - 2 scrolls of enchant weapon {unknown}
 j - a scroll of teleportation {unknown}
 n - a scroll of acquirement {unknown}
 o - 2 scrolls of noise {unknown}
 q - a scroll of poison {unknown}
 r - a scroll of blinking {unknown}
Potions
 c - a potion of mutation
 d - a potion of haste
 h - a potion of lignification {unknown}
 l - a potion of heal wounds {unknown}
 m - a potion of might {unknown}


   Skills:
 - Level 3.0 Fighting
 - Level 2.6 Dodging
 - Level 6.6 Stealth
 - Level 2.0 Unarmed Combat
 + Level 3.6 Summonings


You had one spell level left.
You knew the following spells:

 Your Spells              Type           Power      Damage    Failure   Level
a - Summon Small Mammal   Summ           40%        N/A       2%          1

Your spell library contained the following spells:

 Spells                   Type           Power      Damage    Failure   Level
 Call Canine Familiar     Summ           10%        N/A       8%          3
 Lesser Beckoning         Tloc           0%         N/A       16%         2
 Maxwell's Portable Pile  Tloc           0%         2d(5-13)  32%         3
 Teleport Other           Tloc           0%         N/A       32%         3
 Summon Blazeheart Golem  Fire/Summ      5%         N/A       45%         4


Dungeon Overview and Level Annotations

Branches:
Dungeon (6/15)
 Temple: D:4-7

Altars:

Shops:
D:1 =

Annotations:
D:2 exclusion: 2 doors
D:4 exclusions: bombardier beetle, iguana and phantom
D:5 exclusions: adder, 3 gnolls, kobold and 2 ogres
D:6 exclusions: orc and upstairs


Innate Abilities, Weirdness & Mutations

You have sharp claws.
You have razor-sharp teeth.
You have supernaturally acute eyesight. (SInv)
You are covered in fur. (AC +1)
Your paws help you pounce on unaware monsters.
You are incapable of wielding weapons or throwing items.
You cannot wear armour.
You gain extra lives every three experience levels.
You are frail. (-10% HP)
You occasionally lose the ability to read scrolls when taking damage.


Message History

You feel sick. The adder attacks as it pursues you!
The adder closely misses you.
Okay, then.
Okay, then.
Okay, then.
Okay, then.
Okay, then.
Okay, then.
Okay, then.
It was a potion of mutation.
You feel extremely strange.
You occasionally lose the ability to read scrolls when taking damage.
You feel frail.
You feel sick.
You are no longer poisoned.
It was a potion of curing.
You feel better. The scorpion stings you. The adder misses you.
The scorpion barely misses you.
Unknown command.
The adder attacks as it pursues you! The adder barely misses you.
The adder attacks as it pursues you! The adder bites you.
You are poisoned.
The adder poisons you! The adder misses you.
You feel sick.
You feel sick.
You feel sick.
You feel sick.
You are no longer poisoned.
The scorpion stings you.
* * * LOW HITPOINT WARNING * * *
You are lethally poisoned!
The scorpion poisons you!
You feel better. The adder misses you. The scorpion stings you.
* * * LOW HITPOINT WARNING * * *
You are lethally poisoned!
The scorpion poisons you!
* * * LOW HITPOINT WARNING * * *
You feel sick. The adder attacks as it pursues you! The adder misses you.
The scorpion attacks as it pursues you! The scorpion misses you.
* * * LOW HITPOINT WARNING * * *
You feel sick. The adder bites you.
You die...

....... #...######......
......... ######'#######...#..
........# #...#...#...##..####
........# #.>.'...'.>.##..# #
........# #...#...#...##.##
........###########'#######.# ##
.......###.......#...#......####.
........##....sß.'.⌠.'.ß....##...
........##.....S@#...#...........
............#######'#######......
............##...#...#...##......
......#.....##.<.'...+.<.##......
............##...#...#...##......
............#######'#######......
............## #...# ####......
.............# #.<.# ..........
.............# #...# ..........


You could see a scorpion and an adder.

Vanquished Creatures
  An adder (D:3)
  3 ribbon worms (D:3)
  5 endoplasms
  4 goblins
  7 hobgoblins
  4 jackals (D:1)
  2 quokkas (D:3)
  7 ball pythons
  2 bats (D:1)
  3 kobolds
  6 rats
44 creatures vanquished.

Notes
Turn   | Place    | Note
-------+----------+-------------------------------------------
     0 | D:5      | Prakerore the Felid Delver began the quest for the Orb.
     0 | D:5      | Reached XP level 1. HP: 12/12 MP: 2/2
     6 | D:5      | Noticed an ogre
    24 | D:5      | Noticed an ogre
    49 | D:5      | Noticed a scorpion
   106 | D:5      | Noticed a hound
   106 | D:5      | Noticed a bombardier beetle
   106 | D:5      | Noticed a phantom
   107 | D:5      | Noticed an iguana
   113 | D:6      | Slain by a hound
   113 | D:6      | Lost a life (0 lives remaining)
   171 | D:6      | Noticed a scorpion
   171 | D:6      | Noticed a bullfrog
   194 | D:5      | Noticed an iguana
   207 | D:4      | Noticed an iguana
   236 | D:3      | Reached skill level 1 in Summonings
   297 | D:3      | Reached XP level 2. HP: 16/16 MP: 3/3
   299 | D:3      | Learned a level 1 spell: Summon Small Mammal
   358 | D:1      | Found Jog Dinn's One-of-a-Kind Rings.
  1208 | D:2      | Reached XP level 3. HP: 11/20 MP: 4/4
  2687 | D:3      | Noticed a black bear
  3216 | D:4      | Noticed a phantom
  3283 | D:4      | Noticed a scorpion
  3291 | D:4      | Gained mutation: You occasionally lose the ability to read
                  | scrolls when taking damage. [potion of mutation]
  3291 | D:4      | Gained mutation: You are frail. (-10% HP) [potion of
                  | mutation]
  3301 | D:4      | Slain by an adder

Illustrated notes

Levels and vault maps discovered:
D:1:      dreamdust_arrival_beginning_and_end, layout_basic, nrook_campfire,
          minmay_misc_feat_doors, grunt_decor_one_mirror,
          nicolae_shop_unique_rings
D:2:      layout_loops_corners, chequers_serial_rivers_micro_b,
          chequers_mini_garden
D:3:      layout_loops_ring
D:4:      cheibrodos_old_hovel, layout_layer_cave, nicolae_elevator_lobby_plus
D:5:      layout_rooms, serial_park_tiny_2
D:6:      layout_cave_pods, minmay_temple_entry_grid, uniq_menkaure

Skill      XL: |  1  2  3 |
---------------+----------+-----
Summonings     | 1 2 3 |  3.6
Fighting       | |  3.0
Dodging        | |  2.6
Stealth        | |  6.6
Unarmed Combat | |  2.0

Action                     || total
---------------------------++-------
  Melee: Unarmed           ||   119
         Bite              ||     6
         Punch             ||     2
   Cast: Summon Small Mamm ||    10
    Use: Potion            ||     4
         Scroll            ||     1
   Stab: Sleeping          ||    20
 Armour: Skin              ||    52
  Dodge: Dodged            ||    77

Table legend: (Time is in decaauts)
 A = Elapsed time spent in this place.
 B = Non-inter-level travel time spent in this place.
 C = Inter-level travel time spent in this place.
 D = Time resting spent in this place.
 E = Time spent auto-exploring this place.
 F = Levels seen in this place.
 G = Mean time per level.
                   A        B        C        D        E       F      G
               +--------+--------+--------+--------+--------+-----+--------+
         Total |   3280 |   3071 |    209 |     57 |   2128 |   6 |  546.7 |
       Dungeon |   3280 |   3071 |    209 |     57 |   2128 |   6 |  546.7 |
               +--------+--------+--------+--------+--------+-----+--------+

Top non-repeatable levels by time:
     D:2: 1038 daAuts
     D:1: 837 daAuts
     D:3: 673 daAuts
     D:4: 527 daAuts
     D:6: 116 daAuts
     D:5: 87 daAuts
